[Event "54th Rubinstein Memorial-A 2018"]
[Site "Polanica-Zdroj"]
[Date "2018.08.19"]
[Round "2"]
[White "Manik, Mikulas"]
[Black "Klepek, Witold"]
[Result "1/2-1/2"]
[ECO "C11"]
[WhiteElo "2408"]
[BlackElo "2139"]
[Annotator "NA"]
[PlyCount "68"]
[EventDate "2018.08.18"]
[EventType "swiss"]
[EventCountry "POL"]
[SourceTitle "playchess.com"]
[Source "ChessBase"]
[SourceQuality "1"]
[TimeControl "40/5400+30:1800+30"]

1. e4 {Ftacnik,L} e6 2. d4 d5 3. Nc3 Nf6 4. e5 Nfd7 5. f4 c5 6. Nf3 Nc6 7. Be3 a6 8. Qd2 b5 9. dxc5 Bxc5 10. Ne2 {C11: French: Classical System: 4 e5 and 4 Bg5 dxe4} Qb6 11. Bxc5 Nxc5 12. Ned4 Nxd4 13. Qxd4 b4 {[#]} 14. h4 $146 ({Better is} 14. Nd2 $11) ({Predecessor:} 14. a3 Rb8 15. Be2 a5 16. axb4 axb4 17. O-O O-O {1-0 (42) Leko,P (2737)-Ivanchuk,V (2769) London 2012 CBM 151 [Ftacnik,L]}) 14... a5 15. h5 (15. a3 $5 Rb8 16. axb4 axb4 17. Be2 $11) 15... h6 16. O-O-O ({White should try} 16. a3 $11 Rb8 17. axb4 axb4 18. Be2) 16... Ba6 ({Black should play} 16... a4 $15) 17. g4 (17. f5 $11) 17... Rc8 18. Kb1 Bxf1 19. Rhxf1 Na4 20. Qxb6 Nxb6 21. b3 Ke7 $11 22. Kb2 Rc3 23. Rd3 Rhc8 24. Nd4 Nd7 25. Rxc3 Rxc3 26. a3 f6 27. axb4 axb4 28. exf6+ Nxf6 29. Re1 Ne4 30. Ra1 Rg3 31. f5 Rxg4 32. Ra7+ Kf6 33. fxe6 Nd6 34. Rd7 Ke5 1/2-1/2

[Event "54th Rubinstein Memorial-A 2018"]
[Site "Polanica-Zdroj"]
[Date "2018.08.19"]
[Round "2"]
[White "Nurkiewicz, Maciej"]
[Black "Jankowiak, Tomasz"]
[Result "1-0"]
[ECO "C41"]
[WhiteElo "2371"]
[BlackElo "2117"]
[Annotator "NA"]
[PlyCount "37"]
[EventDate "2018.08.18"]
[EventType "swiss"]
[EventCountry "POL"]
[SourceTitle "playchess.com"]
[Source "ChessBase"]
[SourceQuality "1"]
[TimeControl "40/5400+30:1800+30"]

1. e4 d6 2. d4 Nf6 3. Nc3 e5 4. Nf3 Nbd7 5. g4 Nxg4 6. Rg1 h5 7. h3 Nh6 8. Bg5 f6 9. Be3 g5 $16 (9... Nf7 $1 $11 {remains equal.}) 10. Nxg5 fxg5 11. Bxg5 Be7 12. Bc4 Bxg5 13. Qxh5+ Kf8 14. Rxg5 Nb6 15. Rg8+ Rxg8 16. Qxh6+ Ke8 17. Qh5+ Kd7 18. Qf5+ Kc6 19. Bb5# {Kd5} 1-0

[Event "54th Rubinstein Memorial-A 2018"]
[Site "Polanica-Zdroj"]
[Date "2018.08.19"]
[Round "2"]
[White "Djuric, Stefan"]
[Black "Domanski, Lukasz"]
[Result "1-0"]
[ECO "E92"]
[WhiteElo "2352"]
[BlackElo "2094"]
[Annotator "NA"]
[PlyCount "55"]
[EventDate "2018.08.18"]
[EventType "swiss"]
[EventCountry "POL"]
[SourceTitle "playchess.com"]
[Source "ChessBase"]
[SourceQuality "1"]
[TimeControl "40/5400+30:1800+30"]

1. Nf3 d6 2. d4 Nf6 3. c4 g6 4. Nc3 Bg7 5. e4 O-O 6. Be2 e5 7. Be3 exd4 8. Nxd4 Re8 9. f3 c6 10. Qd2 d5 11. exd5 cxd5 12. c5 Nc6 13. Bf2 Be6 14. O-O {[%emt 0:02:48] LiveBook: 5 Games} Nd7 $14 15. Rfd1 Qe7 16. Bb5 Rac8 17. Nxe6 Bxc3 18. Qxc3 fxe6 19. b4 Qf6 20. Qe1 a6 21. Be2 Nde5 22. Rab1 Ra8 23. Rb3 Red8 24. Bf1 Nf7 25. a4 a5 26. b5 Ne7 27. f4 d4 28. Bh4 1-0

[Event "54th Rubinstein Memorial-A 2018"]
[Site "Polanica-Zdroj"]
[Date "2018.08.19"]
[Round "2"]
[White "Nowak, Kamil"]
[Black "Adamczewski, Maciej"]
[Result "0-1"]
[ECO "C11"]
[WhiteElo "2313"]
[BlackElo "2061"]
[Annotator "NA"]
[PlyCount "89"]
[EventDate "2018.08.18"]
[EventType "swiss"]
[EventCountry "POL"]
[SourceTitle "playchess.com"]
[Source "ChessBase"]
[SourceQuality "1"]
[TimeControl "40/5400+30:1800+30"]

1. e4 e6 2. d4 d5 3. Nc3 Nf6 4. e5 Nfd7 5. f4 c5 6. Nf3 Nc6 7. Be3 Be7 8. Qd2 O-O 9. dxc5 Bxc5 10. O-O-O a6 11. Bxc5 Nxc5 12. Nd4 (12. Qe3 $11 Qa5 13. Kb1) 12... Bd7 13. Qf2 Nxd4 14. Qxd4 Rc8 15. Bd3 $15 b5 16. Kb1 b4 17. Ne2 Qa5 18. Nc1 Ba4 19. b3 Bb5 20. g4 Bxd3 21. cxd3 Qc7 22. Rd2 a5 23. Ne2 a4 24. Rc2 axb3 25. axb3 Qa5 26. Nc1 Na6 27. Ra2 Qb5 28. h4 Rc3 29. Rhh2 Nc5 30. Rhc2 Nxb3 31. Nxb3 Rxb3+ 32. Rab2 Rxd3 33. Qxb4 Rd1+ 34. Rc1 Qd3+ 35. Rbc2 Rc8 36. Kb2 Rxc1 37. Rxc1 Qe2+ 38. Kb1 Ra8 39. Rc2 Qd1+ 40. Rc1 Qd3+ 41. Kb2 Qa6 42. Kc2 Qe2+ 43. Kb3 Qa2+ 44. Kc3 Ra3+ 45. Kd4 0-1

[Event "54th Rubinstein Memorial-A 2018"]
[Site "Polanica-Zdroj"]
[Date "2018.08.19"]
[Round "2"]
[White "Reza, Wojciech"]
[Black "Harazinska, Magdalena"]
[Result "1-0"]
[ECO "B90"]
[WhiteElo "2303"]
[BlackElo "2035"]
[Annotator "NA"]
[PlyCount "87"]
[EventDate "2018.08.18"]
[EventType "swiss"]
[EventCountry "POL"]
[SourceTitle "playchess.com"]
[Source "ChessBase"]
[SourceQuality "1"]
[TimeControl "40/5400+30:1800+30"]

1. e4 c5 2. Nf3 d6 3. d4 cxd4 4. Nxd4 Nf6 5. Nc3 a6 6. Qf3 e6 7. g4 Nc6 8. Nxc6 bxc6 {[%emt 0:00:01] LiveBook: 12 Games} 9. Bg2 $11 Bb7 10. O-O Be7 11. g5 Nd7 12. Qg3 d5 13. b3 O-O 14. f4 Qc7 15. Bd2 Rfd8 16. h4 Nc5 17. e5 d4 18. Nd1 Nd7 19. Nb2 g6 20. Nc4 a5 21. Qe1 Rdc8 22. Bxa5 Qb8 23. Rf3 Qa7 24. Kh2 Ba6 25. Nb2 Ba3 26. Nd1 c5 27. Rh3 Bb7 28. Bxb7 Qxb7 29. h5 Bb4 30. Bxb4 cxb4 31. Qd2 Qc6 32. Rd3 Qxc2 33. Rxd4 Nf8 34. h6 Ra7 35. Ne3 Qxd2+ 36. Rxd2 Rca8 37. Ng4 f5 38. exf6 Nd7 39. Rad1 Rxa2 40. Rxa2 Rxa2+ 41. Kg3 Nf8 42. Rd8 Rb2 43. Ne5 Rxb3+ 44. Kg4 1-0

[Event "54th Rubinstein Memorial-A 2018"]
[Site "Polanica-Zdroj"]
[Date "2018.08.19"]
[Round "2"]
[White "Cherepov, Alexej"]
[Black "Rosicki, Marcin"]
[Result "1/2-1/2"]
[ECO "A56"]
[WhiteElo "2245"]
[BlackElo "2002"]
[Annotator "NA"]
[PlyCount "76"]
[EventDate "2018.08.18"]
[EventType "swiss"]
[EventCountry "POL"]
[SourceTitle "playchess.com"]
[Source "ChessBase"]
[SourceQuality "1"]
[TimeControl "40/5400+30:1800+30"]

1. d4 Nf6 2. c4 c5 3. Nf3 cxd4 4. Nxd4 e5 5. Nb5 d5 6. cxd5 Bc5 7. N5c3 O-O 8. g3 Qb6 9. e3 Bg4 10. Be2 {[%emt 0:16:16] LiveBook: 64 Games} Bf5 11. Nd2 $14 Bb4 12. Qb3 Ne4 13. Ndxe4 Bxe4 14. O-O Bxc3 15. Qxc3 Nd7 16. Qc4 Nf6 17. Qb5 Qxb5 18. Bxb5 Bxd5 19. Bd2 Ne4 20. Rfd1 Nxd2 21. Rxd2 Bf3 22. Be2 Bxe2 23. Rxe2 Rfd8 24. Rc1 Rac8 25. Rxc8 Rxc8 26. Rd2 Kf8 27. Rd7 Rb8 28. g4 a6 29. Kg2 b5 30. b4 Rb6 31. h4 Rc6 32. Ra7 Rc4 33. a3 Rxg4+ 34. Kh3 Rg6 35. Ra8+ Ke7 36. Ra7+ Ke8 37. Ra8+ Ke7 38. Ra7+ Ke8 1/2-1/2

[Event "54th Rubinstein Memorial-A 2018"]
[Site "Polanica-Zdroj"]
[Date "2018.08.19"]
[Round "2"]
[White "Kumala, Aleksander"]
[Black "Vanduyfhuys, Daria"]
[Result "0-1"]
[ECO "D00"]
[WhiteElo "2238"]
[BlackElo "1878"]
[Annotator "NA"]
[PlyCount "82"]
[EventDate "2018.08.18"]
[EventType "swiss"]
[EventCountry "POL"]
[SourceTitle "playchess.com"]
[Source "ChessBase"]
[SourceQuality "1"]
[TimeControl "40/5400+30:1800+30"]

1. d4 d5 2. Nc3 Nf6 3. Bf4 Bf5 4. f3 e6 5. g4 Bg6 6. h4 h5 7. g5 Ng8 8. e3 Bd6 9. Nh3 Ne7 10. Qd2 Nbc6 11. Bd3 Qd7 12. Nb5 (12. Bb5 $11) 12... Bxf4 13. Nxf4 Bxd3 $11 14. Nxd3 b6 15. Qc3 f6 16. gxf6 gxf6 17. Nf4 a6 18. Na3 O-O-O 19. O-O-O e5 20. dxe5 fxe5 21. Nd3 Qe6 22. Rhg1 Rhg8 23. Nb4 Nxb4 24. Qxb4 Nf5 25. Rge1 Qh6 26. Rd3 Nxe3 27. Kb1 Qf4 28. Qc3 Rg6 29. b3 d4 30. Qb4 Qxf3 31. Qe7 Qf6 32. Qb4 Rg2 33. Qa4 Kb7 34. b4 e4 35. Rb3 b5 36. Nxb5 axb5 37. Qxb5+ Qb6 38. Qxh5 Qc6 39. c3 dxc3 40. Rc1 c2+ 41. Ka1 Rd1 0-1

[Event "54th Rubinstein Memorial-A 2018"]
[Site "Polanica-Zdroj"]
[Date "2018.08.19"]
[Round "2"]
[White "Wisniewski, Michal"]
[Black "Sabuk, Piotr"]
[Result "0-1"]
[ECO "A04"]
[WhiteElo "2122"]
[BlackElo "2377"]
[Annotator "NA"]
[PlyCount "110"]
[EventDate "2018.08.18"]
[EventType "swiss"]
[EventCountry "POL"]
[SourceTitle "playchess.com"]
[Source "ChessBase"]
[SourceQuality "1"]
[TimeControl "40/5400+30:1800+30"]

1. Nf3 c5 2. c4 Nf6 3. Nc3 e6 4. e4 d6 5. d4 cxd4 6. Nxd4 Be7 7. Be2 O-O 8. O-O a6 9. Be3 Qc7 10. Qd2 b6 11. f3 {[%emt 0:01:29] LiveBook: 35 Games} Bb7 12. Rfc1 Nbd7 13. Rab1 $14 Rac8 14. b4 Qb8 15. a4 Rfe8 16. Qa2 d5 17. cxd5 exd5 18. Nxd5 Rxc1+ 19. Rxc1 Nxd5 20. exd5 Bd6 21. Nc6 Bxh2+ 22. Kf1 Qd6 23. Qd2 h5 24. b5 axb5 25. axb5 h4 26. Rc4 Nf6 27. Rxh4 Nxd5 28. Bd4 Bxc6 29. bxc6 Nf6 30. Qg5 Be5 31. Bxe5 Rxe5 32. Qc1 Rc5 33. Qd1 Qxd1+ 34. Bxd1 Rxc6 35. Ra4 Rc7 36. Ra8+ Kh7 37. Rb8 Nd7 38. Rd8 b5 39. Bc2+ g6 40. Bb3 Kg7 41. Ke2 Kf6 42. f4 Ke7 43. Rg8 Rc3 44. Bd1 Nf8 45. Kd2 Ra3 46. g4 Rg3 47. Rh8 Ne6 48. Rb8 Nd4 49. Rb6 Ra3 50. f5 g5 51. Rb7+ Kf6 52. Rd7 Nf3+ 53. Kc1 b4 54. Rb7 Ra1+ 55. Kc2 b3+ 0-1

[Event "54th Rubinstein Memorial-A 2018"]
[Site "Polanica-Zdroj"]
[Date "2018.08.19"]
[Round "2"]
[White "Mika, Tomasz"]
[Black "Lewtak, Damian"]
[Result "0-1"]
[ECO "E92"]
[WhiteElo "2120"]
[BlackElo "2369"]
[Annotator "NA"]
[PlyCount "60"]
[EventDate "2018.08.18"]
[EventType "swiss"]
[EventCountry "POL"]
[SourceTitle "playchess.com"]
[Source "ChessBase"]
[SourceQuality "1"]
[TimeControl "40/5400+30:1800+30"]

1. c4 Nf6 2. Nf3 g6 3. d4 Bg7 4. Nc3 d6 5. e4 O-O 6. Be2 e5 7. Be3 Ng4 8. Bg5 f6 9. Bh4 Nc6 10. d5 Ne7 11. h3 {[%emt 0:00:59] E92: Königsindisch (Klassisches System)} (11. O-O g5 12. Bg3 h5 13. Nd2 f5 14. exf5 Nxf5 15. Nde4 Ngh6 16. Bxh5 g4 17. Bg6 Ne7 18. Bh5 Nef5 19. Bg6 Ne7 20. Bh5 Nef5 {½-½ (20) Ibrahimov,R (2518)-Amin,B (2689) Riadh 2017}) 11... Nh6 $1 12. g4 Nf7 {[%emt 0:03:59] LiveBook: 7 Games} 13. Qd2 c5 14. dxc6 $146 ({Vorgänger:} 14. Nh2 Bh6 15. Qc2 Kg7 16. Nf1 Bd7 17. Ne3 a6 {½-½ (41) Savon,V-Doroshkievich,V Riga (Latvia) 1970}) 14... bxc6 15. O-O-O Be6 16. Kb1 Rb8 17. Ne1 Qb6 (17... c5 $17) 18. Ng2 d5 ({Black should try} 18... Qc5 $15) 19. Na4 ({Schwächer ist} 19. exd5 cxd5 20. f4 Rfd8 $17) 19... Qc7 ({But not} 19... Qb4 $6 20. Qxb4 Rxb4 21. Nc5 $16) 20. Nc5 Bc8 21. cxd5 cxd5 22. Rc1 $11 Bh6 23. f4 exf4 24. g5 fxg5 25. Bf2 f3 26. Bxf3 g4 27. Be3 gxf3 28. Bxh6 fxg2 29. Ne6 gxh1=Q 30. Rxh1 Bxe6 0-1

[Event "54th Rubinstein Memorial-A 2018"]
[Site "Polanica-Zdroj"]
[Date "2018.08.19"]
[Round "2"]
[White "Bielinski, Dariusz"]
[Black "Kucza, Karol"]
[Result "1/2-1/2"]
[ECO "A06"]
[WhiteElo "2100"]
[BlackElo "2342"]
[Annotator "NA"]
[PlyCount "86"]
[EventDate "2018.08.18"]
[EventType "swiss"]
[EventCountry "POL"]
[SourceTitle "playchess.com"]
[Source "ChessBase"]
[SourceQuality "1"]
[TimeControl "40/5400+30:1800+30"]

1. Nf3 d5 2. e3 Nf6 3. c4 e6 4. Nc3 Bd6 5. b3 O-O 6. Bb2 a6 7. d4 b6 8. cxd5 exd5 9. Ne5 Re8 10. f4 c5 11. Be2 b5 $11 12. O-O Bb7 13. Bf3 Nbd7 14. Qd2 Rc8 15. Rfe1 Qc7 16. Rac1 c4 17. Ne2 Nb6 18. Bc3 Ba3 19. Rb1 Qd6 20. Ba5 b4 21. Bxb6 c3 22. Qc2 Qxb6 23. Ng3 Qd8 24. Be2 Rc7 25. Bd3 h6 26. Rf1 a5 27. Rbe1 Ne4 28. Nxe4 dxe4 29. Bc4 Bd5 30. Rd1 f6 31. Bxd5+ Qxd5 32. Nc4 a4 33. Rb1 axb3 34. axb3 Rxc4 35. bxc4 Qxc4 36. Rfd1 Qd5 37. Rb3 Rc8 38. h3 f5 39. Kh2 h5 40. h4 Kh7 41. Rdb1 Qc4 42. Rd1 Rd8 43. Kh3 Rd7 1/2-1/2

[Event "54th Rubinstein Memorial-A 2018"]
[Site "Polanica-Zdroj"]
[Date "2018.08.19"]
[Round "2"]
[White "Betkowski, Andrzej"]
[Black "Psyk, Radoslaw"]
[Result "1-0"]
[ECO "B03"]
[WhiteElo "2041"]
[BlackElo "2304"]
[Annotator "NA"]
[PlyCount "70"]
[EventDate "2018.08.18"]
[EventType "swiss"]
[EventCountry "POL"]
[SourceTitle "playchess.com"]
[Source "ChessBase"]
[SourceQuality "1"]
[TimeControl "40/5400+30:1800+30"]

1. e4 Nf6 2. e5 Nd5 3. d4 d6 4. c4 Nb6 5. exd6 exd6 6. Nc3 Be7 7. h3 O-O 8. Nf3 Bf6 9. Be3 Be6 10. b3 d5 11. c5 Nc8 12. Rc1 Nc6 13. Be2 N8e7 14. g4 $11 Ng6 15. b4 Nxb4 16. Qb3 Nc6 17. g5 Be7 18. Qxb7 Na5 19. Qb1 Rb8 20. Qd3 Nc4 21. h4 Re8 22. h5 Nf8 23. Rg1 Qd7 24. Ne5 Nxe5 25. dxe5 Red8 26. Bd4 Bf5 27. Qe3 Ne6 28. Bf3 c6 29. Ne2 Rb4 30. Bh1 Rc4 31. f4 Nxd4 32. Nxd4 Bxc5 33. Rd1 Qb7 34. g6 Qb4+ 35. Kf1 Rxd4 1-0

[Event "54th Rubinstein Memorial-A 2018"]
[Site "Polanica-Zdroj"]
[Date "2018.08.19"]
[Round "2"]
[White "Kaminski, Jan"]
[Black "Bukojemski, Adam"]
[Result "0-1"]
[ECO "B40"]
[WhiteElo "2026"]
[BlackElo "2233"]
[Annotator "NA"]
[PlyCount "114"]
[EventDate "2018.08.18"]
[EventType "swiss"]
[EventCountry "POL"]
[SourceTitle "playchess.com"]
[Source "ChessBase"]
[SourceQuality "1"]
[TimeControl "40/5400+30:1800+30"]

1. e4 c5 2. Nf3 e6 3. b3 b6 4. d4 cxd4 5. Bb2 Bb7 6. Bd3 Nc6 7. Nxd4 Nf6 8. Nxc6 Bxc6 9. Nd2 d5 10. e5 Nd7 11. O-O Qc7 12. f4 Bc5+ $14 13. Kh1 O-O-O 14. Qe2 Nf8 15. a4 g5 16. fxg5 Ng6 17. Rf6 h6 18. Bxg6 fxg6 19. Nf3 d4 20. Rxg6 hxg5 21. Nxg5 Rdg8 22. Rxg8+ Rxg8 23. Nf3 Rg4 24. Rd1 Re4 25. Qf1 Rg4 26. Rd2 Qh7 27. Qd3 Be4 28. Qe2 Qf5 29. Rd3 Bxd3 30. cxd3 Qf7 31. h3 Rf4 32. Bc1 Rf5 33. Bd2 a5 34. Qe4 Qb7 35. Qxb7+ Kxb7 36. Be1 Kc6 37. Bf2 Kd5 38. Kg1 Rf8 39. Kf1 b5 40. axb5 Rb8 41. g4 Rxb5 42. Nd2 Kxe5 43. Bg3+ Kd5 44. h4 Bb4 45. Nc4 Be7 46. Ke2 Rxb3 47. Nxa5 Rb2+ 48. Kf3 Rd2 49. g5 Rxd3+ 50. Kg4 Ra3 51. Nb7 Kc6 52. g6 Kxb7 53. g7 Ra8 54. h5 Bf6 55. h6 Rg8 56. Kf3 Bxg7 57. hxg7 Rxg7 0-1

[Event "54th Rubinstein Memorial-A 2018"]
[Site "Polanica-Zdroj"]
[Date "2018.08.20"]
[Round "3"]
[White "Frolov, Artur"]
[Black "Reza, Wojciech"]
[Result "0-1"]
[ECO "B48"]
[WhiteElo "2420"]
[BlackElo "2303"]
[Annotator "NA RC"]
[PlyCount "90"]
[EventDate "2018.08.18"]
[EventType "swiss"]
[EventCountry "POL"]
[SourceTitle "playchess.com"]
[Source "ChessBase"]
[SourceQuality "1"]
[TimeControl "40/5400+30:1800+30"]

1. e4 c5 2. Nf3 e6 3. d4 cxd4 4. Nxd4 Nc6 5. Nc3 Qc7 6. Be3 a6 7. Qd2 Nf6 8. f3 Be7 9. g4 b5 10. g5 Nxd4 11. Bxd4 Nh5 12. Ne2 O-O $11 13. Bh3 e5 14. Bc3 d5 15. Bxc8 Raxc8 16. Qxd5 b4 17. Bxe5 Qxc2 18. Qb3 Bxg5 19. Qxc2 Rxc2 20. Nd4 Bh4+ 21. Kf1 Rf2+ 22. Kg1 Rd2 23. Nb3 Rc2 24. Rc1 Rfc8 25. Rxc2 Rxc2 26. h3 Re2 27. Nd4 Bf2+ 28. Kf1 Re1+ 29. Kxf2 Rxh1 30. Nc6 f6 31. Bd4 Ra1 32. Nxb4 a5 33. Nc2 Rxa2 34. Ke3 Kf7 35. Kd3 Nf4+ 36. Kc4 Ne2 37. Bc3 a4 38. Kb4 Nxc3 39. Kxc3 g5 40. Na3 h5 41. Kc2 Ra1 42. Kc3 Rf1 43. Kb4 Rxf3 44. Kxa4 g4 45. hxg4 h4 0-1

[Event "54th Rubinstein Memorial-A 2018"]
[Site "Polanica-Zdroj"]
[Date "2018.08.20"]
[Round "3"]
[White "Sabuk, Piotr"]
[Black "Bukojemski, Adam"]
[Result "1-0"]
[ECO "A40"]
[WhiteElo "2377"]
[BlackElo "2233"]
[Annotator "NA"]
[PlyCount "121"]
[EventDate "2018.08.18"]
[EventType "swiss"]
[EventCountry "POL"]
[SourceTitle "playchess.com"]
[Source "ChessBase"]
[SourceQuality "1"]
[TimeControl "40/5400+30:1800+30"]

1. d4 b6 2. Nf3 Bb7 3. c4 e6 4. g3 Bb4+ 5. Bd2 Bxf3 6. exf3 Bxd2+ 7. Nxd2 d5 8. Bg2 Ne7 9. f4 O-O 10. O-O Nbc6 11. cxd5 Nxd5 12. Qa4 Nce7 13. Rac1 Qe8 14. Qa6 Qc8 15. Qc4 Qd7 16. Nf3 a6 17. Rc2 Qb5 18. Ne5 Rad8 19. Rfc1 Rd6 20. a3 Qxc4 21. Rxc4 Rfd8 22. b4 Kf8 23. R4c2 Ke8 24. Be4 g6 25. Kg2 f6 26. Nc4 Rc6 27. Kf3 Nf5 28. Bxf5 gxf5 29. h3 h5 30. Ne3 Rxc2 31. Rxc2 Kd7 32. Nxd5 exd5 33. g4 hxg4+ 34. hxg4 fxg4+ 35. Kxg4 Re8 36. Kf5 Re4 37. Rd2 Ke7 38. a4 Kd6 39. b5 axb5 40. axb5 c5 41. bxc6 Kxc6 42. f3 Re3 43. Rf2 Kb5 44. Kxf6 Kc4 45. f5 Kxd4 46. Kg7 Kc3 47. f6 d4 48. f7 Re7 49. f4 d3 50. f5 d2 51. Rxd2 Kxd2 52. f6 Rc7 53. Kg8 Rc8+ 54. f8=Q Rxf8+ 55. Kxf8 b5 56. f7 b4 57. Kg7 b3 58. f8=Q b2 59. Qb4+ Kc2 60. Qc4+ Kd2 61. Qb3 1-0

[Event "54th Rubinstein Memorial-A 2018"]
[Site "Polanica-Zdroj"]
[Date "2018.08.20"]
[Round "3"]
[White "Lewtak, Damian"]
[Black "Zaleski, Lukasz"]
[Result "1-0"]
[ECO "A40"]
[WhiteElo "2369"]
[BlackElo "2164"]
[Annotator "NA"]
[PlyCount "93"]
[EventDate "2018.08.18"]
[EventType "swiss"]
[EventCountry "POL"]
[SourceTitle "playchess.com"]
[Source "ChessBase"]
[SourceQuality "1"]
[TimeControl "40/5400+30:1800+30"]

1. d4 e6 2. c3 Nf6 3. Bf4 b6 4. h3 Bb7 5. Bh2 c5 6. e3 Be7 7. Nd2 O-O 8. Ngf3 d6 9. Bd3 Nbd7 10. Qe2 Qc7 11. e4 cxd4 $11 12. cxd4 e5 13. O-O Rac8 14. Nb3 Rfe8 15. d5 g6 16. a4 Bf8 17. Rfc1 Qb8 18. Qd2 Rxc1+ 19. Rxc1 Rc8 20. Ne1 Rxc1 21. Qxc1 Qc8 22. Qxc8 Bxc8 23. f3 h5 24. Bg3 Bh6 25. Nc2 Nc5 26. Nxc5 bxc5 27. Bf2 Bd2 28. Kf1 Bd7 29. Ke2 Ba5 30. b3 Ne8 31. Na3 Kf8 32. Bb5 Ke7 33. Kd3 Nc7 34. Bh4+ Ke8 35. Bc6 Na6 36. Kc4 Nb4 37. Nb5 Nxc6 38. Nxd6+ Kf8 39. dxc6 Bxc6 40. Kxc5 Bd7 41. Nc4 Bc3 42. Bf6 Be6 43. f4 Ke8 44. Bxe5 Bxe5 45. fxe5 Kd7 46. b4 h4 47. Nd2 1-0

[Event "54th Rubinstein Memorial-A 2018"]
[Site "Polanica-Zdroj"]
[Date "2018.08.20"]
[Round "3"]
[White "Kucza, Karol"]
[Black "Bilczewski, Kacper"]
[Result "0-1"]
[ECO "C11"]
[WhiteElo "2342"]
[BlackElo "2089"]
[Annotator "NA"]
[PlyCount "60"]
[EventDate "2018.08.18"]
[EventType "swiss"]
[EventCountry "POL"]
[SourceTitle "playchess.com"]
[Source "ChessBase"]
[SourceQuality "1"]
[TimeControl "40/5400+30:1800+30"]

1. e4 e6 2. d4 d5 3. Nc3 Nf6 4. e5 Nfd7 5. f4 c5 6. Nf3 Nc6 7. Be3 a6 8. Qd2 cxd4 9. Nxd4 Bc5 10. O-O-O Nxd4 11. Bxd4 b5 12. Ne4 {[%emt 0:09:32] C11: French: Classical System: 4 e5 and 4 Bg5 dxe4} Be7 13. Nd6+ Bxd6 14. exd6 Nf6 {[%emt 0:01:15] [#]} 15. Qb4 $146 ({Predecessor:} 15. g4 Ne4 16. Qe3 O-O 17. Bd3 Nxd6 18. Qh3 f5 19. Rhg1 Rf7 20. gxf5 Nxf5 21. Bxf5 exf5 22. Bxg7 Rxg7 23. Rxg7+ Kxg7 24. Rg1+ Kh8 25. Qe3 {1-0 (25) Volokitin,A (2676)-Iakymov,V (2494) Kharkov 2010}) 15... Bd7 16. Bd3 O-O 17. g4 Nxg4 18. Rdg1 f5 19. Bxg7 Kxg7 20. h3 h5 21. hxg4 hxg4 22. Qe1 $15 Qf6 23. Kb1 Rh8 24. Qa5 Rxh1 25. Rxh1 Rh8 26. Rxh8 Kxh8 27. Qxa6 g3 28. Qa8+ Kh7 29. Qa7 g2 30. Qg1 Qh4 0-1

[Event "54th Rubinstein Memorial-A 2018"]
[Site "Polanica-Zdroj"]
[Date "2018.08.20"]
[Round "3"]
[White "Psyk, Radoslaw"]
[Black "Vanduyfhuys, Daria"]
[Result "1-0"]
[ECO "B32"]
[WhiteElo "2304"]
[BlackElo "1878"]
[Annotator "NA"]
[PlyCount "83"]
[EventDate "2018.08.18"]
[EventType "swiss"]
[EventCountry "POL"]
[SourceTitle "playchess.com"]
[Source "ChessBase"]
[SourceQuality "1"]
[TimeControl "40/5400+30:1800+30"]

1. e4 c5 2. Nf3 Nc6 3. d4 cxd4 4. Nxd4 e5 5. Nb5 d6 $11 {[%emt 0:00:14] LiveBook: 4715 Games} 6. N1c3 a6 7. Na3 Be7 8. Nc4 b5 9. Ne3 Nf6 10. g3 O-O 11. Bg2 Be6 12. O-O Qd7 13. Ncd5 Bd8 14. c3 Bxd5 15. Nxd5 Nxd5 16. Qxd5 Bb6 17. Kh1 Ne7 18. Qd3 Rac8 19. f4 Rfd8 20. fxe5 Qe6 21. exd6 Rxd6 22. Qe2 Ng6 23. a4 Qb3 24. axb5 axb5 25. Ra6 Bc5 26. Rxd6 Bxd6 27. Qd1 Qe6 28. Qd5 Bc5 29. Qb7 Ne5 30. Qxb5 Ng4 31. Qe2 Rd8 32. Bf4 Nf2+ 33. Rxf2 Bxf2 34. Qxf2 Rd1+ 35. Bf1 Qxe4+ 36. Kg1 h6 37. b4 Rb1 38. Be3 Qc6 39. Bd4 Kf8 40. Qf5 Rc1 41. b5 Qb7 42. b6 1-0

[Event "54th Rubinstein Memorial-A 2018"]
[Site "Polanica-Zdroj"]
[Date "2018.08.20"]
[Round "3"]
[White "Okrucinski, Tadeusz"]
[Black "Ochmann, Reimund"]
[Result "1-0"]
[ECO "D15"]
[WhiteElo "2182"]
[BlackElo "2009"]
[Annotator "NA"]
[PlyCount "115"]
[EventDate "2018.08.18"]
[EventType "swiss"]
[EventCountry "POL"]
[SourceTitle "playchess.com"]
[Source "ChessBase"]
[SourceQuality "1"]
[TimeControl "40/5400+30:1800+30"]

1. d4 d5 2. c4 c6 3. Nf3 Nf6 4. Nc3 dxc4 5. g3 e6 6. e4 b5 7. e5 Nd5 8. Ng5 Be7 9. Nge4 Nd7 10. Bg2 Rb8 11. O-O O-O 12. h4 c5 13. Nxd5 exd5 14. Nc3 b4 15. Nxd5 Nb6 16. Nxb6 Qxb6 17. d5 Rd8 18. d6 Be6 19. Bf4 Bf8 20. Bd5 b3 21. Bxe6 fxe6 22. Bg5 Rd7 23. Qg4 Re8 24. Qxc4 bxa2 25. Rxa2 Qc6 26. Be3 Qd5 27. Qa4 Red8 28. Bg5 Qxe5 29. Bxd8 Rxd8 30. d7 c4 31. Qxc4 Bc5 32. Qg4 Rxd7 33. b4 Rd4 34. Re2 Rxg4 35. Rxe5 Bxb4 36. Rxe6 a5 37. Ra6 h6 38. Kg2 Rd4 39. Rc1 Rd7 40. Rc8+ Kf7 41. Rb8 Bc3 42. Rc8 Bb4 43. Kf3 Re7 44. Kg4 Rd7 45. Rb8 Bc3 46. Rb3 Rc7 47. f4 Be1 48. Re3 Bc3 49. Rd3 Bb4 50. Rd5 Rb7 51. Kh5 Bc3 52. g4 Bf6 53. Rdxa5 Bc3 54. Ra7 Bxa5 55. Rxb7+ Kf8 56. Kg6 Bc3 57. Rf7+ Ke8 58. Rxg7 1-0

[Event "54th Rubinstein Memorial-A 2018"]
[Site "Polanica-Zdroj"]
[Date "2018.08.20"]
[Round "3"]
[White "Sanz Wawer, Daniel"]
[Black "DUDA, LUCAS"]
[Result "1-0"]
[ECO "E33"]
[WhiteElo "2180"]
[BlackElo "1874"]
[Annotator "NA"]
[PlyCount "51"]
[EventDate "2018.08.18"]
[EventType "swiss"]
[EventCountry "POL"]
[SourceTitle "playchess.com"]
[Source "ChessBase"]
[SourceQuality "1"]
[TimeControl "40/5400+30:1800+30"]

1. d4 Nf6 2. c4 e6 3. Nc3 Bb4 4. Qc2 Nc6 5. Nf3 d6 6. a3 Bxc3+ 7. Qxc3 Qe7 8. b4 e5 9. dxe5 Nxe5 10. Nxe5 dxe5 11. Bb2 e4 12. e3 Bg4 13. h3 Be6 14. g4 Rg8 15. Be2 Nd7 16. Qd4 f5 17. gxf5 Bxf5 18. Qd5 Qe6 19. Qxb7 Ke7 20. Qxc7 a5 21. Rd1 axb4 22. axb4 Rgc8 23. Qg3 g5 24. Qxg5+ Ke8 25. Bh5+ Bg6 26. Bg4 1-0

[Event "54th Rubinstein Memorial-A 2018"]
[Site "Polanica-Zdroj"]
[Date "2018.08.20"]
[Round "3"]
[White "Kozak, Antoni"]
[Black "Nurkiewicz, Maciej"]
[Result "0-1"]
[ECO "D00"]
[WhiteElo "2157"]
[BlackElo "2371"]
[Annotator "NA"]
[PlyCount "68"]
[EventDate "2018.08.18"]
[EventType "swiss"]
[EventCountry "POL"]
[SourceTitle "playchess.com"]
[Source "ChessBase"]
[SourceQuality "1"]
[TimeControl "40/5400+30:1800+30"]

1. d4 d5 2. Bf4 Nf6 3. e3 e6 4. Nd2 Bd6 5. Bg3 c5 6. c3 Nc6 7. f4 Ne4 8. Ngf3 f5 9. Ne5 O-O 10. Be2 Qb6 11. Rb1 a5 12. a4 cxd4 13. exd4 Nxe5 14. fxe5 Be7 15. Bf4 Bd7 16. Nxe4 dxe4 17. Bc4 Rac8 18. b3 g5 19. Bd2 f4 20. O-O e3 21. Be1 Rxc4 22. bxc4 e2 23. Qd3 exf1=Q+ 24. Kxf1 Qc7 25. d5 Qxe5 26. Rxb7 Rd8 27. Bf2 exd5 28. Qxd5+ Qxd5 29. cxd5 Bd6 30. Bb6 Rb8 31. Rxb8+ Bxb8 32. c4 Bxa4 33. c5 Bb5+ 34. Ke1 a4 0-1